 Dungeon Crawl Stone Soup version 0.25.0-9-g26727b6 (webtiles) character file.

Game seed: 9851671355982238692

133 razzle the Cudgeler (level 5, -4/55 HPs)
             Began as an Ogre Berserker on June 16, 2020.
             Was a Believer of Trog.
             Slain by a phantom (10 damage)
             ... on level 3 of the Dungeon.
             The game lasted 00:03:42 (3440 turns).

razzle the Cudgeler (Ogre Berserker)                Turns: 3440, Time: 00:03:43

Health: -4/55      AC:  3    Str: 22    XL:     5   Next: 16%
Magic:  5/5        EV: 10    Int:  8    God:    Trog [**....]
Gold:   130        SH:  0    Dex:  8    Spells: 4/4 levels left

rFire    . . .     SeeInvis .   a - +0 mace
rCold    . . .     Gourm    .   (no shield)
rNeg     . . .     Faith    .   b - +0 animal skin
rPois    .         Spirit   .   (helmet restricted)
rElec    .         Reflect  .   (no cloak)
rCorr    .         Harm     .   (gloves unavailable)
MR       ++...                  (boots unavailable)
Stlth    +.........             (no amulet)
HPRegen  1.18/turn              (no ring)
MPRegen  0.09/turn              (no ring)

@: berserk cooldown, starving, regenerating
A: large, unfitting armour, tough skin 1
a: Berserk, Trog's Hand, Renounce Religion


You were on level 3 of the Dungeon.
You worshipped Trog.
Trog was pleased with you.
You were starving.

You visited 1 branch of the dungeon, and saw 4 of its levels.

You collected 130 gold pieces.

Inventory:

Hand Weapons
 a - a +0 mace (weapon)
Armour
 b - a +0 animal skin (worn)
Jewellery
 i - an uncursed ring of protection from cold {unknown}
 j - a cursed ring of positive energy {unknown}
Wands
 r - a wand of flame (14)
Scrolls
 d - 4 scrolls of teleportation {unknown}
 e - 2 scrolls of remove curse {unknown}
 g - 2 scrolls of fog {unknown}
 h - 2 scrolls of magic mapping {unknown}
 l - 3 scrolls of identify {unknown}
 n - a scroll of amnesia {unknown}
Potions
 f - a potion of resistance {unknown}
 k - a potion of mutation {unknown}
 m - a potion of heal wounds {unknown}
 o - a potion of might {unknown}
 p - a potion of lignification {unknown}
 q - a potion of haste {unknown}
Comestibles
 c - 4 rations
 s - 2 chunks of flesh


   Skills:
 - Level 4.6 Fighting
 + Level 4.7 Maces & Flails
 - Level 3.0 Dodging


You had 4 spell levels left.
You didn't know any spells.
Your spell library was empty.

Dungeon Overview and Level Annotations

Branches:
Dungeon (4/15)
 Temple: D:4-7

Altars:
Gozag
Makhleb
Nemelex Xobeh
Qazlal
Xom


Innate Abilities, Weirdness & Mutations

You are too large for most types of armour.
You have tough skin. (AC +1)


Message History

Aim: a phantom (almost destroyed)
The puff of flame misses the phantom.
The phantom blinks!
Evoke which item? (* to show all) (? for menu, Esc to quit)
Aiming: Throw Flame
Press: ? - help, Shift-Dir - straight line, f/p - phantom
Aim: a phantom (almost destroyed)
The puff of flame misses the phantom.
You feel yourself speed up.
The phantom blinks!
You hit the phantom.
The phantom is almost destroyed.
The phantom hits you.
* * * LOW HITPOINT WARNING * * *
The phantom hits you.
* * * LOW HITPOINT WARNING * * *
Your skin crawls.
You feel resistant to hostile enchantments.
You are starving!
The phantom hits you!
You die...

.<#..# #.##.#)#
..#..####.#.(#.#
..#.......#....####
####.##...........#
.....##.####..###.#
####.##....#....#.#
#.#####.#.#.##<#
#.......#.#.##W#
##...###...#..@.#
#...##.##..######
##...#._.#...##
#..####.####..#
#.##..#'#..##.#
#.#..)'.'...#.#
#.##.##.##.##.#
##..###.#.###..#
###.....#.....##


You could see a phantom.

Vanquished Creatures
  6 adders
  2 oozes (D:3)
  A dart slug (D:1)
  2 leopard geckos (D:1)
  2 orcs (D:3)
  5 bats
  5 giant cockroaches
  2 goblins
  3 hobgoblins
  14 jackals
  8 kobolds
  4 frilled lizards
  10 rats
64 creatures vanquished.

Notes
Turn   | Place    | Note
-------+----------+-------------------------------------------
     0 | D:1      | razzle the Ogre Berserker began the quest for the Orb.
     0 | D:1      | Reached XP level 1. HP: 24/24 MP: 1/1
   210 | D:1      | Reached XP level 2. HP: 33/33 MP: 2/2
   652 | D:1      | Reached XP level 3. HP: 40/40 MP: 3/3
  1005 | D:1      | Reached ** piety under Trog
  1825 | D:2      | Reached XP level 4. HP: 29/49 MP: 4/4
  2305 | D:2      | Found a burning altar of Makhleb.
  2312 | D:2      | Found an opulent altar of Gozag.
  2352 | D:2      | Found a stormy altar of Qazlal.
  2361 | D:2      | Found a sparkling altar of Nemelex Xobeh.
  3230 | D:3      | Reached XP level 5. HP: 47/55 MP: 5/5
  3271 | D:3      | Found a sparkling altar of Nemelex Xobeh.
  3346 | D:3      | Found a shimmering altar of Xom.
  3396 | D:4      | Noticed a phantom
  3409 | D:3      | HP: 3/82 [phantom (10)]
  3440 | D:3      | Slain by a phantom

Illustrated notes

Levels and vault maps discovered:
D:1:      lightli_arrival_quake, layout_basic, kennysheep_doodads,
          minmay_pentomino_u2
D:2:      layout_basic, old_standard_altar, old_standard_altar,
          amethyst_overflow_temple_binary, first_ration, minmay_misc_feat_chi
D:3:      layout_basic, lemuel_coloured_pillars_altar, nemelex_dance_club_becter
D:4:      layout_loops_ring, minmay_temple_entry_ruins, serial_shops,
          nicolae_shop_crystal, kennysheep_generic_room_10

Skill      XL: |  1  2  3  4 |
---------------+-------------+-----
Maces & Flails | 3 4 |  4.7
Dodging        | 3 |  3.0
Fighting       | |  4.6

Action                   |  1- 3 |  4- 6 || total
-------------------------+-------+-------++-------
Melee: Mace              |   121 |   123 ||   244
Invok: Berserk           |     2 |     1 ||     3
       Trog's Hand       |       |     2 ||     2
Evoke: Wand              |       |     2 ||     2
  Eat: Chunk             |     5 |     5 ||    10
Armor: Animal skin       |    52 |    40 ||    92
Dodge: Dodged            |    92 |    72 ||   164
